 Dungeon Crawl Stone Soup version 0.20.1-1-g8b1a95d (webtiles) character file.

163 Peloso the Shield-Bearer (level 5, 0/41 HPs)
             Began as a Demonspawn Fighter on Aug 9, 2017.
             Killed by divine providence
             ... invoked by an orc priest
              (14 damage)
             ... on level 3 of the Dungeon.
             The game lasted 00:06:09 (2177 turns).

Peloso the Shield-Bearer (Demonspawn Fighter)       Turns: 2177, Time: 00:06:09

Health: 0/41       AC: 11    Str: 18    XL:     5   Next: 20%
Magic:  5/5        EV:  3    Int:  9    God:
Gold:   156        SH:  9    Dex: 12    Spells: 4/4 levels left

rFire    . . .     SeeInvis .   a - +0 long sword
rCold    . . .     Gourm    .   c - +0 shield
rNeg     . . .     Faith    .   i - +0 plate armour
rPois    .         Spirit   .   (no helmet)
rElec    .         Reflect  .   (no cloak)
rCorr    .         Harm     .   (no gloves)
MR       .....                  (no boots)
Stlth    ..........             (no amulet)
Regen    0.2/turn               m - ring of flight
MPRegen  0.1/turn               (no ring)

@: no status effects
A: demonic guardian 1
a: Evoke Flight


You were on level 3 of the Dungeon.
You were hungry.

You visited 1 branch of the dungeon, and saw 3 of its levels.

You collected 156 gold pieces.

Inventory:

Hand Weapons
 a - a +0 long sword (weapon)
Armour
 b - a +0 scale mail
 c - a +0 shield (worn)
 i - a +0 plate armour (worn)
Jewellery
 m - a ring of flight (left hand)
Scrolls
 g - a scroll of magic mapping {unknown}
 h - 3 scrolls of identify {unknown}
 j - 2 scrolls of teleportation {unknown}
 l - 2 scrolls of remove curse {unknown}
 o - a scroll of enchant armour {unknown}
Potions
 d - a potion of might
 e - a potion of invisibility
 k - a potion of haste {unknown}
 n - a potion of magic {unknown}
 s - a potion of berserk rage {unknown}
Books
 p - a book of Misfortune

   Spells                             Type                      Level
   a - Confusing Touch                Hexes                        1
   b - Confuse                        Hexes                        3
   c - Gell's Gravitas                Translocation                3
   d - Petrify                        Transmutation/Earth          4
   e - Metabolic Englaciation         Hexes/Ice                    5
   f - Yara's Violent Unravelling     Hexes/Transmutation          5
Comestibles
 f - 3 bread rations
 q - 2 meat rations
 r - a royal jelly
 t - 3 chunks of flesh


   Skills:
 + Level 3.5 Fighting
 + Level 3.2 Long Blades
 + Level 3.1 Armour
 + Level 4.0 Shields


You had 4 spell levels left.
You didn't know any spells.

Dungeon Overview and Level Annotations

Branches:
Dungeon (3/15)

Altars:
Ashenzari
Vehumet
Xom


Innate Abilities, Weirdness & Mutations

A weak demonic guardian rushes to your aid.


Message History

The orc priest is almost dead.
The gnoll hits you but does no damage.
The orc priest hits you but does no damage.
The orc wizard gestures wildly while chanting.
The orc wizard blinks!
You swap places.
The gnoll hits your iron imp but does no damage.
The orc priest invokes the aid of Beogh against you.
Beogh smites you!
The gnoll hits your iron imp with a whip.
The orc priest barely misses your iron imp.
Your iron imp hits the gnoll!
There is a stone staircase leading up here.
The gnoll hits your iron imp but does no damage.
The orc priest hits your iron imp with a club.
Your iron imp hits the orc priest.
The gnoll barely misses your iron imp.
The orc priest mumbles some strange prayers to Beogh against you.
Beogh smites you!
You die...

#..........# #....#
##.#...###### #.g..#####
#..#...# #####.......#
##.#...# #...........#
###...# ##...........#
#...## #............#
####.# #...g........#
##.##.#####..o.!.......#
#..##oo5.@#...ยง........#
##>...g####............#
#####.# #............ #o#
#......#####
######.####../...#
...........o5#+#+##
#######.#####....# #.#
..#.# ... ....


You could see an orc priest, a gnoll, an orc and a friendly iron imp.

Vanquished Creatures
  An orc priest (D:3)
  Natasha (twice) (D:2)
  2 adders
  A worm (D:2)
  3 dart slugs
  An orc (D:3)
  A giant cockroach (D:2)
  6 goblins
  5 hobgoblins (D:2)
  6 jackals
  3 kobolds
  A quokka (D:3)
  3 bats
  5 frilled lizards
  7 rats
47 creatures vanquished.

Vanquished Creatures (collateral kills)
  A howler monkey (D:3)
  2 orcs (D:3)
  2 goblins (D:3)
  A hobgoblin (D:2)
6 creatures vanquished.

Grand Total: 53 creatures vanquished

Notes
Turn   | Place    | Note
-------+----------+-------------------------------------------
     0 | D:1      | Peloso the Demonspawn Fighter began the quest for the Orb.
     0 | D:1      | Reached XP level 1. HP: 18/18 MP: 1/1
   217 | D:1      | Found a shattered altar of Ashenzari.
   249 | D:1      | Gained mutation: A weak demonic guardian rushes to your aid. [demonic ancestry]
   249 | D:1      | Reached XP level 2. HP: 21/24 MP: 2/2
   746 | D:2      | Found a radiant altar of Vehumet.
   746 | D:2      | Found a shimmering altar of Xom.
   791 | D:2      | Found a shattered altar of Ashenzari.
   816 | D:2      | Reached skill level 3 in Shields
   816 | D:2      | Reached XP level 3. HP: 29/29 MP: 3/3
   957 | D:2      | Noticed Natasha
   970 | D:2      | Killed Natasha
  1580 | D:2      | Reached XP level 4. HP: 35/35 MP: 4/4
  1609 | D:2      | Noticed Natasha
  1615 | D:2      | Killed Natasha
  1920 | D:3      | Reached XP level 5. HP: 21/41 MP: 5/5
  1965 | D:2      | Reached skill level 4 in Shields
  2177 | D:3      | Killed from afar by an orc priest

Skill      XL: |  1  2  3  4  5 |
---------------+----------------+-----
Armour         | 3 |  3.1
Long Blades    | 2 3 |  3.2
Shields        | 3 4 |  4.0
Fighting       | |  3.5

Action                   |  1- 3 |  4- 6 || total
-------------------------+-------+-------++-------
Melee: Long sword        |   162 |    70 ||   232
  Use: Potion            |       |     1 ||     1
  Eat: Chunk             |     2 |     2 ||     4
Armor: Plate armour      |   128 |    43 ||   171
       Scale mail        |     2 |       ||     2
Dodge: Dodged            |    21 |    11 ||    32
Block: Shield            |    97 |    44 ||   141
       Rpst.: Long sword |     7 |     3 ||    10
